[Event "SRB-chT 1st League Women 2018"]
[Site "Zajecar"]
[Date "2018.09.09"]
[Round "10"]
[White "Stanimirovic, Marija"]
[Black "Sakotic, Ana"]
[Result "1-0"]
[ECO "E91"]
[WhiteElo "1901"]
[BlackElo "1706"]
[Annotator "NA"]
[PlyCount "89"]
[EventDate "2018.08.31"]
[EventType "team-tourn"]
[EventCountry "SRB"]
[SourceTitle "playchess.com"]
[Source "ChessBase"]
[SourceQuality "1"]
[TimeControl "40/5400+30:1800+30"]

1. c4 Nf6 2. Nc3 g6 3. Nf3 Bg7 4. d4 O-O 5. e4 d6 6. Be2 Nbd7 7. O-O e5 8. h3 c6 9. Be3 Qe7 (9... exd4 $11 10. Nxd4 (10. Bxd4 Re8 $11) 10... Qe7) 10. dxe5 dxe5 11. Qc2 a5 {[%emt 0:09:01] LiveBook: 3 Games [#] E94: King's Indian: Classical: 6 Be2 e5 7 0-0: Various Black 7th moves} (11... Nh5 $11 {keeps the balance.}) 12. Na4 $1 Nh5 13. c5 Nf4 {[%emt 0:06:18] [#]} 14. Bc4 $146 ({Predecessor:} 14. Rad1 f5 15. Bxf4 exf4 16. exf5 Rxf5 17. Bd3 Rh5 {1-0 (32) Zhou,J (2609)-Sasikiran,K (2720) Zaozhuang 2012}) 14... Ne6 15. Bb3 Kh8 16. Qc4 Nc7 17. Ng5 Kg8 18. Rfd1 Nb5 19. Rd2 h6 20. Nf3 Nf6 21. Qc2 Nh5 22. Nb6 Rb8 23. Rad1 Nf6 24. Bc4 Nc7 25. Ne1 Be6 26. f3 Bxc4 27. Qxc4 Rfd8 {[%emt 0:00:23] [#]} 28. Qa4 (28. Rxd8+ $1 $18 Rxd8 29. Rxd8+ Qxd8 30. Qd3) 28... Rxd2 29. Rxd2 Na6 30. Qxa5 Rd8 31. Rxd8+ Qxd8 32. Qc3 Qe7 33. b4 Nd7 34. Nc4 f6 35. Nd6 Nf8 36. Qc4+ Kh7 37. a4 Ne6 38. b5 cxb5 39. axb5 Nb8 40. Qd5 Nd8 41. Nd3 Bf8 42. Nb2 h5 43. Nbc4 Kh8 44. Bd2 Kh7 45. Ba5 $18 1-0

[Event "SRB-chT 1st League Women 2018"]
[Site "Zajecar"]
[Date "2018.09.09"]
[Round "10"]
[White "Stankovic, Marija"]
[Black "Ostojic, Katarina"]
[Result "0-1"]
[ECO "B53"]
[WhiteElo "1629"]
[BlackElo "2134"]
[Annotator "ChessBase"]
[PlyCount "90"]
[EventDate "2018.08.31"]
[EventType "team-tourn"]
[EventCountry "SRB"]
[SourceTitle "playchess.com"]
[Source "ChessBase"]
[SourceQuality "1"]
[TimeControl "40/5400+30:1800+30"]

1. e4 c5 2. Nf3 d6 3. d4 cxd4 4. Qxd4 Nf6 5. Nc3 Nc6 6. Bb5 Qa5 7. Bxc6+ bxc6 8. O-O e5 9. Qd1 Ba6 10. Re1 Be7 11. Nh4 g6 12. Bh6 Qb4 13. Qc1 Ng4 14. Bg5 Qb6 15. h3 Qxf2+ 16. Kh1 h6 17. Bxe7 Kxe7 18. Nf3 Nf6 19. Qd2 Qxd2 20. Nxd2 Rab8 21. b3 Nh5 22. Rad1 Nf4 23. Kh2 Ne6 24. Nf3 Rbd8 25. a4 Rhe8 26. Rd2 Ng7 27. Red1 g5 28. g4 f6 29. Ng1 h5 30. Nge2 hxg4 31. hxg4 Rh8+ 32. Kg3 Rh4 33. b4 Bc8 34. Kf2 Rh2+ 35. Kf3 Ne6 36. Ng3 Nd4+ 37. Ke3 Nxc2+ 38. Kf3 Nd4+ 39. Ke3 Rh3 40. Rg2 Bxg4 41. Rc1 f5 42. exf5 Nxf5+ 43. Kf2 Nh4 44. Rgg1 Rf8+ 45. Ke1 Nf3+ 0-1

[Event "SRB-chT 1st League Women 2018"]
[Site "Zajecar"]
[Date "2018.09.10"]
[Round "11"]
[White "Rapport, Jovana"]
[Black "Kovacevic, Radmila"]
[Result "1-0"]
[ECO "A45"]
[WhiteElo "2348"]
[BlackElo "2144"]
[Annotator "NA"]
[PlyCount "103"]
[EventDate "2018.08.31"]
[EventType "team-tourn"]
[EventCountry "SRB"]
[SourceTitle "playchess.com"]
[Source "ChessBase"]
[SourceQuality "1"]
[TimeControl "40/5400+30:1800+30"]

1. d4 Nf6 2. Nc3 d5 3. Bf4 c5 4. e3 cxd4 5. exd4 a6 {[%emt 0:00:15] B13: Caro-Kann: Exchange Variation and Panov-Botvinnik Attack} 6. Nf3 Nc6 7. Ne5 e6 8. Nxc6 bxc6 9. Na4 Bd6 10. Bg5 $146 ({Predecessor:} 10. Bg3 Bxg3 11. hxg3 Qd6 12. Bd3 e5 13. dxe5 Qxe5+ {½-½ (68) Nisipeanu,L (2683)-Bluebaum,M (2642) Dortmund 2017}) 10... Qa5+ 11. c3 Ne4 12. Be3 f5 13. f3 Nf6 14. f4 O-O 15. Bd3 Ne4 16. O-O Rf6 17. c4 Qd8 18. c5 Bc7 19. b4 Rh6 20. g3 Bd7 21. Rb1 Be8 22. Be2 g5 23. Rb3 g4 24. Nc3 Nf6 25. Ra3 Rg6 (25... a5 $14) 26. Rxa6 Rxa6 27. Bxa6 h5 28. Kg2 h4 29. Bd3 Nh5 30. Ne2 Rh6 31. Rh1 Qa8 32. a4 Qb8 33. Qb1 Qa8 34. Qb3 Kg7 35. b5 cxb5 36. axb5 Rh8 37. b6 Qb7 38. Bb5 e5 39. Ra1 h3+ 40. Kg1 Bb8 41. fxe5 Bf7 42. Qa4 Rf8 43. Nf4 Nxf4 44. Bxf4 Be6 45. Ba6 Qe7 46. c6 Bc8 47. Qa3 $18 Qe6 48. Bb5 Rf7 49. Qc5 Kg6 50. Ra8 Bxe5 51. dxe5 Rf6 52. Qd6 1-0

[Event "SRB-chT 1st League Women 2018"]
[Site "Zajecar"]
[Date "2018.09.10"]
[Round "11"]
[White "Voiska, Margarita"]
[Black "Doluhanova, Evgeniya"]
[Result "0-1"]
[ECO "B20"]
[WhiteElo "2241"]
[BlackElo "2321"]
[Annotator "NA"]
[PlyCount "94"]
[EventDate "2018.08.31"]
[EventType "team-tourn"]
[EventCountry "SRB"]
[SourceTitle "playchess.com"]
[Source "ChessBase"]
[SourceQuality "1"]
[TimeControl "40/5400+30:1800+30"]

1. e4 c5 2. c4 Nc6 3. Nc3 g6 4. d3 Bg7 5. g3 d6 6. Bg2 Nf6 7. Nge2 O-O {[%emt 0:00:10] LiveBook: 632 Partien} 8. O-O Rb8 9. Rb1 a6 10. a4 Ne8 11. Be3 Nc7 {[%emt 0:01:30] A36: Symmetrical English vs ...g6: 4 Bg2 Bg7} 12. h3 (12. d4 cxd4 13. Nxd4 Ne6 14. Nde2 Nc5 15. b4 Nd7 16. f4 a5 17. b5 Nb4 18. Nd5 Nc5 19. Nxb4 axb4 20. Rxb4 {0-1 (53) Eljanov,P (2711)-Amonatov,F (2636) Riadh 2017}) 12... b5 13. cxb5 $146 ({Predecessor:} 13. axb5 axb5 14. b3 b4 15. Nd5 Ne6 16. Qd2 Ned4 17. Nxd4 Nxd4 18. Nf4 Nc6 {0-1 (46) Fonseca,L (1874)-Menna Barreto,F (2277) Porto Alegre 2013}) 13... axb5 14. d4 b4 15. Nd5 e6 16. Nxc7 Qxc7 17. d5 exd5 18. exd5 Ne5 19. Rc1 Ba6 20. b3 Rfe8 21. Nf4 (21. Nd4 $17) 21... Bxf1 22. Bxf1 Nd7 23. Ng2 Nf6 24. Bf4 Ne4 25. h4 Nc3 26. Qf3 Qd7 27. Ne3 Rbd8 28. Bg5 f6 29. Bf4 Qe7 30. Nc4 Qf8 31. Kg2 Bh6 32. Bxh6 Qxh6 33. Ra1 f5 34. a5 Qg7 35. a6 Nb5 36. Ra5 Nd4 37. Qd3 Qf7 38. Nb6 Qc7 39. Nc4 Ra8 40. Ra1 Ra7 41. Kg1 Rea8 $19 42. Ne3 Qe7 43. Ng2 Qe5 44. Nf4 Nf3+ 45. Qxf3 Qxa1 46. Qe3 Qe5 47. Qd3 Rxa6 0-1

[Event "SRB-chT 1st League Women 2018"]
[Site "Zajecar"]
[Date "2018.09.10"]
[Round "11"]
[White "Ostojic, Katarina"]
[Black "Djukic, Sandra"]
[Result "1/2-1/2"]
[ECO "A46"]
[WhiteElo "2134"]
[BlackElo "2162"]
[Annotator "ChessBase"]
[PlyCount "157"]
[EventDate "2018.08.31"]
[EventType "team-tourn"]
[EventCountry "SRB"]
[SourceTitle "playchess.com"]
[Source "ChessBase"]
[SourceQuality "1"]
[TimeControl "40/5400+30:1800+30"]

1. d4 Nf6 2. Nf3 e6 3. c4 c5 4. e3 cxd4 5. exd4 d5 6. Nc3 Be7 7. Bd3 dxc4 8. Bxc4 O-O 9. O-O a6 10. a4 Nc6 11. Be3 Nb4 12. h3 b6 13. Qe2 Bb7 14. Ne5 Nfd5 15. Rac1 Rc8 16. Nxd5 Bxd5 17. Bxd5 Qxd5 18. Rfd1 b5 19. axb5 axb5 20. Rc3 f6 21. Nf3 Bd6 22. Bd2 Rce8 23. Be1 Re7 24. Ra1 Nc6 25. Ra6 Nb8 26. Ra1 Rfe8 27. Rac1 Nd7 28. Rc8 Nb6 29. Rxe8+ Rxe8 30. Bd2 Nc4 31. Bc3 Nb6 32. Bd2 Na4 33. Be3 h6 34. Qc2 f5 35. b3 Nb6 36. Qc6 Rb8 37. Ne5 Kh7 38. Qxd5 Nxd5 39. Rc6 Bxe5 40. dxe5 Re8 41. Bd2 f4 42. Rc5 Ra8 43. Kf1 Ra2 44. Ke1 Kg6 45. Rxb5 Kf5 46. Ra5 Rb2 47. b4 Nxb4 48. Bxb4 Rxb4 49. Ra7 g6 50. Rh7 h5 51. Rg7 Rb5 52. Ke2 Rxe5+ 53. Kf3 Ra5 54. Rf7+ Kg5 55. h4+ Kxh4 56. Rxf4+ Kg5 57. Rb4 Kf5 58. Rf4+ Kg5 59. Rb4 Ra3+ 60. Ke4 Ra2 61. Kf3 e5 62. Rb5 Kf5 63. Rb8 e4+ 64. Ke3 Ra3+ 65. Kd4 Rd3+ 66. Kc4 Rd2 67. Rf8+ Kg4 68. Kc3 Rd3+ 69. Kc2 Ra3 70. Kd2 g5 71. Ke2 e3 72. Rf3 Ra2+ 73. Kxe3 Ra3+ 74. Ke4 Rxf3 75. gxf3+ Kh3 76. f4 gxf4 77. Kxf4 Kg2 78. Kg5 Kxf2 79. Kxh5 1/2-1/2

[Event "SRB-chT 1st League Women 2018"]
[Site "Zajecar"]
[Date "2018.09.10"]
[Round "11"]
[White "Bojicic, Andjela"]
[Black "Urosevic, Marija"]
[Result "1/2-1/2"]
[ECO "E21"]
[WhiteElo "2123"]
[BlackElo "2064"]
[Annotator "NA"]
[PlyCount "80"]
[EventDate "2018.08.31"]
[EventType "team-tourn"]
[EventCountry "SRB"]
[SourceTitle "playchess.com"]
[Source "ChessBase"]
[SourceQuality "1"]
[TimeControl "40/5400+30:1800+30"]

1. d4 Nf6 2. c4 e6 3. Nc3 Bb4 4. Nf3 b6 5. Bg5 h6 6. Bh4 c5 7. e3 Bb7 8. Bd3 cxd4 9. exd4 O-O {[%emt 0:02:37] LiveBook: 13 Partien} 10. O-O Be7 $14 11. Qe2 d6 12. Rfd1 Nbd7 13. Rac1 Re8 14. b4 Rc8 15. Nd2 Qc7 16. Nb5 Qb8 17. Bg3 a6 18. Nc3 Qa8 19. f3 Nh5 20. Bb1 Nxg3 21. hxg3 Nf8 22. Qd3 Qb8 23. d5 exd5 24. Nxd5 Bd8 25. Re1 Re5 26. f4 Re6 27. f5 Rxe1+ 28. Rxe1 Bxd5 29. Qxd5 b5 30. cxb5 Qxb5 31. Qxb5 axb5 32. Bd3 Ra8 33. Bxb5 Rxa2 34. Nc4 d5 35. Ne5 Bb6+ 36. Kh2 Bf2 37. Rd1 Ra3 38. Rd3 Rxd3 39. Nxd3 Bb6 40. Bc6 d4 1/2-1/2

[Event "SRB-chT 1st League Women 2018"]
[Site "Zajecar"]
[Date "2018.09.10"]
[Round "11"]
[White "Miladinovic, Lena"]
[Black "Stanimirovic, Marija"]
[Result "1-0"]
[ECO "B38"]
[WhiteElo "2098"]
[BlackElo "1901"]
[Annotator "NA"]
[PlyCount "127"]
[EventDate "2018.08.31"]
[EventType "team-tourn"]
[EventCountry "SRB"]
[SourceTitle "playchess.com"]
[Source "ChessBase"]
[SourceQuality "1"]
[TimeControl "40/5400+30:1800+30"]

1. c4 c5 2. Nf3 g6 3. e4 Bg7 4. d4 cxd4 5. Nxd4 Nc6 6. Be3 d6 7. Nc3 Nf6 8. Be2 O-O 9. O-O Nxd4 10. Bxd4 Bd7 11. h3 Bc6 12. Qc2 Nd7 13. Bxg7 Kxg7 14. Rad1 a5 15. Bg4 Ne5 16. c5 Nxg4 17. hxg4 Qc8 18. cxd6 exd6 19. f3 ({Much less strong is} 19. Rxd6 Qxg4 20. Qd2 Rae8 $14) 19... Qe6 20. Rd4 Qe5 21. Qd2 Qc5 22. Kh1 h5 23. g5 f5 24. Rd1 Rae8 25. Nd5 fxe4 26. fxe4 Bxd5 27. Rxd5 Qc4 28. Qd4+ Qxd4 29. R1xd4 Rf1+ 30. Kh2 Re1 31. Rxa5 R1xe4 32. Rxd6 R8e7 33. Rb5 Rg4 34. Rd2 Rf7 35. Rd8 Re7 36. Rb8 Kf7 37. R8xb7 Rh4+ 38. Kg3 Rg4+ 39. Kf3 Rxb7 40. Rxb7+ Ke6 41. Rb6+ Kf5 42. Rb5+ Ke6 43. b3 Kd7 44. a4 Kc6 45. g3 Rd4 $18 46. Rb8 Rg4 47. Rb5 Rd4 48. Rb8 Rg4 49. a5 Rxg5 50. a6 Ra5 51. b4 Ra3+ 52. Kf4 g5+ 53. Kxg5 Rxg3+ 54. Kxh5 Ra3 55. b5+ Kc7 56. Rb7+ Kc8 57. Kg4 Ra1 58. Kf4 Ra4+ 59. Ke5 Ra1 60. Kd5 Rd1+ 61. Kc5 Rc1+ 62. Kb6 Rh1 63. Rc7+ Kd8 64. a7 1-0

[Event "SRB-chT 1st League Women 2018"]
[Site "Zajecar"]
[Date "2018.09.10"]
[Round "11"]
[White "Ljubicic, Andjela"]
[Black "Vuckovic, Lidija"]
[Result "0-1"]
[ECO "B14"]
[WhiteElo "1567"]
[BlackElo "1834"]
[Annotator "NA"]
[PlyCount "62"]
[EventDate "2018.08.31"]
[EventType "team-tourn"]
[EventCountry "SRB"]
[SourceTitle "playchess.com"]
[Source "ChessBase"]
[SourceQuality "1"]
[TimeControl "40/5400+30:1800+30"]

1. e4 c6 2. d4 d5 3. exd5 cxd5 4. c4 Nf6 5. Nc3 e6 6. cxd5 Nxd5 7. Nf3 Be7 8. Be2 {[%emt 0:03:40] D41: Queen's Gambit Declined: Semi-Tarrasch with 5 cxd5} (8. Bc4 Nc6 9. O-O O-O 10. Re1 Nxc3 11. bxc3 b6 12. Bd3 Bb7 13. h4 Bxh4 14. Nxh4 Qxh4 15. Re3 g6 16. Rh3 Qf6 17. Bh6 Rfe8 18. Qd2 e5 19. d5 Ne7 20. Bg5 Qd6 21. c4 f6 {1-0 (42) Illescas Cordoba,M (2605)-Volkov,S (2557) Barcelona 2018}) 8... O-O 9. O-O Nxc3 10. bxc3 b6 $146 ({Predecessor:} 10... Nd7 11. Re1 b6 12. Rb1 Bb7 13. Bd3 Qc7 14. Re3 g6 {1-0 (34) Waters,M-Moffatt,B Brisbane 2006}) 11. Bf4 Bb7 12. Ne5 Nd7 13. Bf3 Qc8 14. a4 Nf6 15. Bg5 h6 16. Bxf6 Bxf6 17. Bxb7 Qxb7 18. Qf3 Qc7 19. Qg3 Rac8 20. Rfc1 Rfd8 21. Qe3 Qd6 $17 (21... Bxe5 $142 $1 22. Qxe5 Qxe5 23. dxe5 Rd5) 22. Nf3 Rc7 23. a5 b5 24. Ra2 a6 25. Rac2 Qa3 26. c4 Qxa5 27. d5 bxc4 28. dxe6 c3 29. exf7+ Kxf7 30. h3 Rcd7 31. Re2 Re7 0-1